 Dungeon Crawl Stone Soup version 0.27-a0-909-g0721f309d1 (webtiles) character file.

Game seed: 17648085967165175849

519147 siradein the Sorcerer (level 25, -5/173 HPs)
             Began as a Djinni Air Elementalist on Apr 5, 2021.
             Was the Champion of Makhleb.
             Splashed by an acid blob's acid (7 damage)
             ... created by the Royal Jelly
             ... on level 5 of the Pits of Slime on Apr 8, 2021.
             The game lasted 07:55:12 (52894 turns).

siradein the Sorcerer (Djinni Air Elementalist)    Turns: 52894, Time: 07:55:14

Health: -5/173     AC:  4    Str: 15    XL:     25   Next: 81%
Gold:   3244       EV: 21    Int: 47    God:    Makhleb [******] SH: 19 Dex: 16

rFire    + + +     SeeInvis +   u - staff of air
rCold    x . .     Faith    +   g - +7 kite shield of Restlessness {Int+6}
rNeg     . . .     Spirit   .   H - +4 troll leather armour
rPois    ∞         Reflect  .   P - +1 hat of the Game of Life {rCorr Str+8}
rElec    +         Harm     .   Z - +2 cloak {Stlth+}
rCorr    +         Rampage  .   O - +2 pair of gloves {Stlth+}
Will     ++...                  (boots unavailable)
Stlth    +++++.....             x - amulet of the Townfolk {Faith rElec}
HPRegen  2.38/turn              T - +6 ring of intelligence
MPRegen  0.00/turn              J - ring "Uklim" {Int+6 SInv Stlth+}

@: corroded, flying
A: fire resistance 3, cold vulnerability 1, float, innate caster, hp casting,
extra vitality 1, iridescent scales 1, clever 1, frail 1, regeneration 1
}: 2/15 runes: decaying, gossamer
a: Renounce Religion, Minor Destruction, Lesser Servant of Makhleb, Major
Destruction, Greater Servant of Makhleb


You were on level 5 of the Pits of Slime.
You worshipped Makhleb.
Makhleb was exalted by your worship.
You visited 9 branches of the dungeon, and saw 46 of its levels.
You visited 1 bazaar.
You also visited: Bailey and Volcano.

You collected 6450 gold pieces.
You spent 3206 gold pieces at shops.

Inventory:

Hand Weapons
 y - the +7 rapier of Terror {vorpal, rC+ Int+2 Dex+7}
   (You bought it in a shop in a bazaar)

   It inflicts extra damage upon your enemies.
   It affects your intelligence (+2).
   It affects your dexterity (+7).
   It protects you from cold.
Armour
 g - the +7 kite shield of Restlessness (worn) {Int+6}
   (You took it off a deep elf zephyrmancer on level 1 of the Elven Halls)

   It affects your intelligence (+6).
 q - a +3 buckler of reflection
 H - a +4 troll leather armour (worn)
 O - a +2 pair of gloves of stealth (worn)
 P - the +1 hat of the Game of Life (worn) {rCorr Str+8}
   (You found it on level 4 of the Vaults)

   It affects your strength (+8).
   It protects you from acid and corrosion.
 Q - a +2 helmet of see invisible
 Z - a +2 cloak of stealth (worn)
Magical Staves
 o - a staff of cold
 u - a staff of air (weapon)
 R - a staff of poison
Jewellery
 c - a ring of positive energy
 h - an amulet of regeneration
 t - a ring of protection from cold
 x - the amulet of the Townfolk (around neck) {Faith rElec}
   (You took it off a deep elf knight on level 3 of the Elven Halls)

   [amulet of faith]

   It allows you to gain divine favour quickly.
   It insulates you from electricity.
 J - the ring "Uklim" (right hand) {Int+6 SInv Stlth+}
   (You bought it in a shop on level 2 of the Depths)

   [ring of intelligence]

   It affects your intelligence (+6).
   It lets you see invisible.
   It makes you more stealthy.
 T - a +6 ring of intelligence (left hand)
 X - a ring of protection from fire
Wands
 e - a wand of acid (9)
 k - a wand of flame (56)
 n - a wand of charming (42)
 r - a wand of paralysis (53)
 w - a wand of random effects (71)
 z - a wand of polymorph (8)
 A - a wand of iceblast (38)
 F - a wand of digging (7)
 S - a wand of mindburst (25)
Scrolls
 f - 2 scrolls of fear
 m - 19 scrolls of identify
 p - 3 scrolls of brand weapon
 s - 7 scrolls of enchant weapon
 v - 18 scrolls of teleportation
 B - 5 scrolls of vulnerability
 D - 2 scrolls of torment
 G - 3 scrolls of holy word
 I - 4 scrolls of immolation
 N - 2 scrolls of magic mapping
 U - a scroll of summoning
 W - 7 scrolls of enchant armour
 Y - 3 scrolls of fog
Potions
 a - 9 potions of haste
 b - 4 potions of mutation
 d - 4 potions of might
 i - 4 potions of invisibility
 j - 9 potions of cancellation
 l - 20 potions of curing
 E - 10 potions of ambrosia
 K - 8 potions of lignification
 L - 4 potions of heal wounds
 M - 5 potions of brilliance
 V - 3 potions of resistance


   Skills:
 + Level 19.9 Fighting
 + Level 12.7 Armour
 + Level 17.8 Dodging
 - Level 1.5 Stealth
 + Level 12.0 Shields
 * Level 22.0 Spellcasting
 + Level 18.2 Invocations


You couldn't memorise any spells.
You knew the following spells:

 Your Spells              Type           Power      Damage    Failure   Level
a - Shock                 Conj/Air       100%       1d9       0%          1
b - Swiftness             Air            100%       N/A       0%          2
c - Static Discharge      Conj/Air       100%       N/A       0%          3
d - Airstrike             Air            78%        N/A       0%          4
e - Lightning Bolt        Conj/Air       78%        1d104     0%          5
f - Freeze                Ice            100%       1d11      0%          1
g - Ensorcelled Hibernat  Hex/Ice        100%       N/A       0%          2
h - Portal Projectile     Hex/Tloc       100%       N/A       0%          3
i - Olgreb's Toxic Radia  Pois           100%       N/A       0%          4
j - Fulminant Prism       Conj/Hex       65%        3d28      0%          4
k - Hydra Form            Tmut           65%        N/A       0%          5
l - Freezing Cloud        Conj/Ice/Air   78%        6-21      0%          6
m - Ozocubu's Refrigerat  Ice            65%        4d18      1%          7
n - Invisibility          Hex            100%       N/A       0%          6
o - Monstrous Menagerie   Summ           65%        N/A       1%          7
p - Summon Horrible Thin  Summ           65%        N/A       1%          8
q - Discord               Hex            65%        N/A       1%          8
Your spell library was empty.

Dungeon Overview and Level Annotations

Branches:
Dungeon (15/15)            Temple (0/1) D:4            Lair (6/6) D:11
  Swamp (4/4) Lair:4       Spider (4/4) Lair:4        Slime (5/5) Lair:6
    Orc (2/2) D:9             Elf (3/3) Orc:2        Vaults (4/5) D:14
  Crypt (0/3) Vaults:3     Depths (3/5) D:15         Bailey (visited)
Volcano (visited)

Altars:
Ashenzari
Cheibriados
Hepliaklqana
Kikubaaqudgha
Makhleb
Nemelex Xobeh
Okawaru
Qazlal
Sif Muna
Trog
Vehumet
Wu Jian
Yredelemnul
The Shining One
Beogh
Jiyva

Shops:
D:7 *   D:12 [   D:14 :   Orc:2 [!=:   Vaults:1 (   Depths:2 ==:

Portals:
Hell: Depths:1 Depths:2
Abyss: Depths:2

Annotations:
D:15 exclusion: ugly thing
Slime:5 Royal Jelly


Innate Abilities, Weirdness & Mutations

You are immune to poison.
Your flesh is almost immune to the effects of heat. (rF+++)
You are vulnerable to cold. (rC-)
You float through the air rather than walking.
You learn spells naturally, not from books.
Your magical power is your life essence.
You have superior vitality. (+4 HP)
You are partially covered in iridescent scales. (AC +2)
Your mind is acute. (Int +2)
You are frail. (-10% HP)
Your natural rate of healing is unusually fast.


Message History

The bolt of lightning hits the quicksilver ooze!
The quicksilver ooze is moderately wounded.
* * * LOW HITPOINT WARNING * * *
The quicksilver ooze is engulfed in blazing flames.
The quicksilver ooze hits you.
* * * LOW HITPOINT WARNING * * *
The quicksilver ooze barely misses you.
The acid blob is engulfed in blazing flames.
Flame seeps out of the acid blob.
The quicksilver ooze is engulfed in blazing flames.
The rockslime is engulfed in blazing flames.
The acid blob is engulfed in blazing flames.
The acid blob explodes!
The fiery explosion engulfs the rockslime.
The rockslime resists.
The rockslime is lightly wounded.
Aiming: Lightning Bolt (safe; 0% risk of failure)
Press: ? - help, Q - select action, (/) - cycle Shift-Dir - straight line, f - acid blob, p - quicksilver ooze
Aim: an acid blob (severely wounded, inner flame, 2% to evade)
You feel a surge of power!
You hear a mighty clap of thunder!
The bolt of lightning hits the azure jelly!!
You kill the azure jelly!
That felt strangely unrewarding.
The bolt of lightning hits the acid blob!!!!
* * * LOW HITPOINT WARNING * * *
The acid blob explodes!
The fiery explosion engulfs the quicksilver ooze!!
The quicksilver ooze is almost dead.
The fiery explosion engulfs the acid blob!!
The acid blob is severely wounded.
The quicksilver ooze is engulfed in blazing flames.
You kill the quicksilver ooze!
That felt strangely unrewarding.
The rockslime jiggles.
The acid blob spits acid at you. The splash of acid hits you. You resist.
* * * LOW HITPOINT WARNING * * *
You are splashed with acid!
You resist.
You die...

...............
................
.................
.................
.................
.................
........J........
........J@.......
........................
............§§..........
...........J.§§.........
............JJ§........#
.........§§...........##
.........§§.........###
.........§§.........#
JJ...J..............#


You could see an acid blob, a rockslime and 3 quicksilver oozes.

Vanquished Creatures
  An ancient lich (Depths:3)
  Mara (Spider:3)
  Sojobo (Depths:2)
  Bai Suzhen (Vaults:4)
  The ghost of Charmandara the Tortoise, a veteran DjWz of Ru (Vaults:4)
  Saint Roka (Elf:2)
  3 caustic shrikes (Depths:2)
  Nikola (Swamp:4)
  Arachne (Spider:2)
  A bone dragon (Swamp:4)
  Jorgrun (Orc:2)
  A titan (Vaults:3)
  3 liches
  2 deep elf master archers (Elf:3)
  13 acid blobs
  3 deep elf blademasters
  4 sphinxes
  5 tengu reavers
  Donald (Spider:3)
  Roxanne (Spider:1)
  3 fire giants
  7 rockslimes
  3 deep elf sorcerers
  9 azure jellies
  2 ghost moths (Spider:4)
  5 vault wardens
  12 ironbound preservers
  9 emperor scorpions
  An iron dragon (Depths:2)
  An orc warlord (Vaults:4)
  A deep elf elementalist (Elf:3)
  A spriggan defender (Depths:2)
  2 war gargoyles
  9 quicksilver oozes
  14 very ugly things
  2 vampire knights
  16 stone giants
  Nessos (D:13)
  2 dire elephants (Vaults:1)
  13 deep elf annihilators
  10 deep elf demonologists
  3 spark wasps
  Azrael (Orc:2)
  2 bunyips (Swamp:2)
  3 eleionomae
  4 entropy weavers
  A fire dragon (Depths:2)
  10 deep elf death magi
  5 crystal guardians
  8 ettins
  9 great orbs of eyes
  3 ice dragons
  7 yaktaur captains
  3 deep elf high priests
  4 boulder beetles
  7 rakshasas
  6 vault guards
  3 peacekeepers
  5 catoblepae
  4 ghost crabs
  9 ironbound thunderhulks
  2 spriggan air magi (Depths:2)
  14 hydras
  5 ogre magi
  12 centaur warriors
  Erica (D:8)
  9 two-headed ogres
  An alligator snapping turtle (shapeshifter) (Depths:2)
  5 ironbound frosthearts
  7 deep troll shamans
  A death knight (D:14)
  10 alligators
  8 tengu warriors
  8 deep troll earth magi
  2 vampire magi (Depths:2)
  4 spriggan berserkers
  9 death yaks
  36 dancing weapons
  Urug (Lair:2)
  3 ironbound beastmasters
  3 orc high priests
  A hell knight (Depths:2)
  32 deep elf knights
  Sonja (Lair:2)
  23 spriggans
  A salamander mystic (Depths:1)
  2 cherubim (D:14)
  A flayed ghost (Depths:1)
  4 glowing orange brains
  5 goliath frogs
  4 iron trolls
  14 skeletal warriors
  4 spriggan druids
  7 swamp dragons
  45 deep trolls
  14 wizards
  2 spectral hydras (Swamp:4)
  A harpy (shapeshifter) (Elf:1)
  14 ironbound convokers
  8 bog bodies
  32 deep elf archers
  42 deep elf zephyrmancers
  6 orc knights
  3 phantasmal warriors
  2 salamanders (Depths:1)
  16 orb spiders
  5 lindwurms
  37 wolf spiders
  A necromancer (D:14)
  5 oklob plants
  11 orc sorcerers
  9 will-o-the-wisps
  6 manticores
  40 deep elf pyromancers
  47 ugly things
  4 moths of wrath
  A salamander (shapeshifter) (Elf:1)
  16 shining eyes
  22 elephants
  9 black mambas
  2 molten gargoyles (Volcano)
  2 water nymphs (Swamp:1)
  17 vault sentinels
  A cane toad (shapeshifter) (D:9)
  4 eyes of devastation
  A gargoyle (D:10)
  10 cane toads
  2 unseen horrors
  4 rime drakes
  2 efreet
  20 yaktaurs
  A kobold demonologist (D:12)
  12 komodo dragons
  2 torpor snails
  5 tengu conjurers
  11 demonic crawlers
  A freezing wraith (D:14)
  5 swamp worm zombies (Swamp:4)
  5 hydra zombies (Swamp:4)
  42 jumping spiders
  3 meliai (D:13)
  4 bloated husks
  A wind drake (shapeshifter) (D:15)
  23 hornets
  7 trolls
  4 polar bears
  10 blink frogs
  A hornet (shapeshifter) (D:15)
  12 tyrant leeches
  3 spectral swamp dragons (Swamp:4)
  103 slime creatures
  4 dream sheep (Lair:6)
  4 alligator zombies (Swamp:4)
  An air elemental (Elf:1)
  A shadow (D:11)
  A vampire (D:11)
  4 large abominations (Depths:2)
  81 redbacks
  35 tarantellas
  29 yaks
  2 wraiths
  7 wyverns
  2 basilisks
  Grum (D:7)
  Eustachio (D:4)
  4 water elementals
  12 fire elementals
  16 humans (D:14)
  18 vampire mosquitoes
  2 steam dragons (D:8)
  2 fire bats (Volcano)
  2 chaos spawn (Depths:2)
  4 wargs
  14 swamp worms
  Edmund (D:5)
  An acid dragon (D:12)
  19 water moccasins
  4 hell hounds (Orc:2)
  8 small abominations (Depths:2)
  4 floating eyes
  A swamp drake (Swamp:2)
  35 orc warriors
  2 sky beasts (D:8)
  2 swamp dragon zombies (Swamp:4)
  3 ice beasts
  27 wolves
  2 black bears
  4 boggarts (Vaults:1)
  17 centaurs
  8 phantoms
  8 ogres
  2 kobold brigands
  Blork the orc (D:4)
  10 bullfrogs
  2 wyvern zombies (D:7)
  9 earth elementals
  4 gnoll sergeants
  6 scorpions
  A wyvern skeleton (D:5)
  A water moccasin zombie (D:5)
  4 killer bees (D:9)
  10 wights
  4 electric eels
  4 centaur zombies
  2 howler monkeys (D:13)
  5 lava snakes (Volcano)
  A bullfrog zombie (D:6)
  10 hounds
  7 orc priests
  A gnoll shaman (D:7)
  3 jellies
  4 centaur skeletons
  Ijyb (D:4)
  An iguana (D:4)
  34 orc wizards
  6 hell rats (Lair:3)
  2 lightning spires (Swamp:2)
  A hound skeleton (D:4)
  Robin (D:4)
  A howler monkey skeleton (D:5)
  A howler monkey zombie (D:10)
  3 swamp drake zombies (Swamp:4)
  7 adders
  21 gnolls
  An ufetubus (D:7)
  An adder zombie (D:5)
  A dart slug (D:1)
  2 worms
  87 orcs
  5 ball pythons
  A ball python (shapeshifter) (Depths:2)
  8 bats
  2 endoplasms
  4 giant cockroaches
  9 goblins
  17 hobgoblins
  13 jackals
  12 kobolds
  5 quokkas
  4 frilled lizards
  6 rats
  A butterfly (Lair:5)
  A fire vortex (D:12)
  2 fulminant prisms
1969 creatures vanquished.

Vanquished Creatures (collateral kills)
  An ironbound preserver (Vaults:2)
  2 very ugly things (Depths:3)
  A fire dragon (Depths:3)
  A deep troll earth mage (Depths:3)
  A deep troll (Vaults:2)
  3 ugly things
  A slime creature (Vaults:2)
10 creatures vanquished.

Vanquished Creatures (others)
  A deep elf annihilator (Elf:2)
  An ice dragon (Depths:3)
  A ghost crab (Swamp:4)
  An ironbound frostheart (Vaults:3)
  A wizard (Vaults:3)
  A deep elf zephyrmancer (Elf:3)
  A tarantella (Spider:4)
  A sky beast (D:8)
  2 orcs (Vaults:4)
  2 ball lightnings (Swamp:2)
  22 foxfires
  104 fulminant prisms
  42 fungi
  74 plants
254 creatures vanquished.

Grand Total: 2233 creatures vanquished

Notes
Turn   | Place    | Note
-------+----------+-------------------------------------------
     0 | D:1      | siradein the Djinni Air Elementalist began the quest for
                  | the Orb.
     0 | D:1      | Reached XP level 1. HP: 15/15 MP: 0/0
     4 | D:1      | Noticed a black mamba
     7 | D:1      | Noticed a black mamba
   179 | D:1      | Reached skill level 3 in Spellcasting
   258 | D:1      | Reached XP level 2. HP: 20/21 MP: 0/0
  1011 | D:1      | Reached XP level 3. HP: 22/25 MP: 0/0
  1011 | D:1      | Learned a level 1 spell: Freeze
  1992 | D:2      | Reached skill level 4 in Spellcasting
  2153 | D:2      | Reached XP level 4. HP: 27/31 MP: 0/0
  3472 | D:4      | Noticed Robin
  3476 | D:4      | Reached XP level 5. HP: 29/35 MP: 0/0
  3476 | D:4      | Learned a level 2 spell: Ensorcelled Hibernation
  3476 | D:4      | Noticed Eustachio
  3957 | D:4      | Reached skill level 5 in Spellcasting
  3997 | D:4      | Noticed Blork the orc
  4362 | D:4      | Killed Robin
  4539 | D:4      | Reached XP level 6. HP: 36/40 MP: 0/0
  4667 | D:4      | Noticed Ijyb
  4698 | D:4      | Killed Ijyb
  4959 | D:4      | Killed Eustachio
  4960 | D:4      | Reached skill level 6 in Spellcasting
  4960 | D:4      | Reached XP level 7. HP: 27/45 MP: 0/0
  4960 | D:4      | Learned a level 3 spell: Portal Projectile
  5139 | D:4      | Found a basalt altar of Yredelemnul.
  5301 | D:4      | Killed Blork the orc
  5405 | D:4      | Reached skill level 7 in Spellcasting
  5612 | D:4      | Found a burning altar of Makhleb.
  5617 | D:4      | Became a worshipper of Makhleb the Destroyer
  5654 | D:4      | Found a staircase to the Ecumenical Temple.
  5803 | D:5      | Entered Level 5 of the Dungeon
  6609 | D:5      | Reached XP level 8. HP: 35/50 MP: 0/0
  6726 | D:5      | Reached skill level 8 in Spellcasting
  7011 | D:5      | Reached skill level 1 in Fighting
  7011 | D:5      | Reached skill level 1 in Invocations
  7326 | D:5      | Noticed Edmund
  7331 | D:5      | Killed Edmund
  7442 | D:5      | Found a hazy altar of Hepliaklqana.
  7443 | D:5      | Found a faded altar of an unknown god.
  7750 | D:6      | Found an iron altar of Okawaru.
  8240 | D:6      | Reached skill level 9 in Spellcasting
  8240 | D:6      | Reached XP level 9. HP: 47/60 MP: 0/0
  8240 | D:6      | Learned a level 4 spell: Olgreb's Toxic Radiance
  8629 | D:7      | Found a large runed translucent door.
  9016 | D:7      | Found Besusko's General Store.
  9037 | D:7      | Reached * piety under Makhleb
  9188 | D:7      | Noticed Grum
  9192 | D:7      | Killed Grum
  9814 | D:7      | Reached skill level 10 in Spellcasting
 10244 | D:7      | Reached XP level 10. HP: 54/69 MP: 0/0
 10261 | D:7      | Reached skill level 5 in Fighting
 10261 | D:7      | Reached skill level 5 in Invocations
 10266 | D:7      | Reached ** piety under Makhleb
 10714 | D:7      | Found a large runed translucent door.
 10783 | D:7      | Found a sparkling altar of Nemelex Xobeh.
 10787 | D:7      | Found an ornate altar of the Wu Jian Council.
 11834 | D:8      | Noticed Erica
 11842 | D:8      | Killed Erica
 12695 | D:9      | Found a snail-covered altar of Cheibriados.
 12695 | D:9      | Found a bloodstained altar of Trog.
 12699 | D:9      | Found a broken altar of Ashenzari.
 12699 | D:9      | Found a stormy altar of Qazlal.
 12976 | D:9      | Noticed a deep elf pyromancer
 12976 | D:9      | Noticed a centaur warrior
 13084 | D:9      | Noticed a two-headed ogre
 13093 | D:9      | Killed a two-headed ogre
 13094 | D:9      | Reached skill level 11 in Spellcasting
 13182 | D:9      | Reached XP level 11. HP: 35/78 MP: 0/0
 13182 | D:9      | Learned a level 4 spell: Fulminant Prism
 13637 | D:9      | Killed a centaur warrior
 13930 | D:9      | Killed a deep elf pyromancer
 14699 | D:9      | Found a staircase to the Orcish Mines.
 14729 | D:10     | Entered Level 10 of the Dungeon
 15234 | D:10     | Reached *** piety under Makhleb
 15822 | D:11     | Noticed a skeletal warrior
 15822 | D:11     | Noticed a skeletal warrior
 15835 | D:11     | Noticed a skeletal warrior
 15878 | D:11     | Noticed a skeletal warrior
 15930 | D:11     | Noticed a two-headed ogre
 15931 | D:11     | Killed a skeletal warrior
 15932 | D:11     | Reached skill level 12 in Spellcasting
 16089 | D:11     | Found a flagged portal.
 16149 | Bailey   | Entered a bailey
 16513 | Bailey   | Identified the ring "Uneff" {+Inv rPois rF+ Will+ Int-2}
 16532 | Bailey   | Reached **** piety under Makhleb
 16706 | D:11     | Reached XP level 12. HP: 78/88 MP: 0/0
 16910 | D:11     | Found a staircase to the Lair.
 16965 | D:11     | Killed a two-headed ogre
 17180 | D:11     | HP: 4/88 [skeletal warrior/+0 scimitar[a skeletal warrior]
                  | (13)]
 17318 | D:11     | Reached skill level 13 in Spellcasting
 17572 | Lair:1   | Entered Level 1 of the Lair of Beasts
 17604 | Lair:1   | Noticed a seven-headed hydra
 17609 | Lair:1   | Killed a seven-headed hydra
 17999 | Lair:1   | Reached skill level 1 in Armour
 18901 | Lair:2   | Reached skill level 1 in Shields
 19016 | Lair:2   | Noticed Sonja
 19018 | Lair:2   | Killed Sonja
 19214 | Lair:2   | Noticed a seven-headed hydra
 19220 | Lair:2   | Killed a seven-headed hydra
 19221 | Lair:2   | Reached XP level 13. HP: 92/94 MP: 0/0
 19221 | Lair:2   | Learned a level 5 spell: Hydra Form
 19452 | Lair:2   | Reached ***** piety under Makhleb
 19539 | Lair:2   | Noticed Urug
 19904 | Lair:2   | You are sucked into a shaft and drop 2 floors!
 19940 | Lair:4   | Found a hole to the Spider Nest.
 20302 | Lair:4   | Found a staircase to the Swamp.
 20311 | Lair:4   | Reached skill level 10 in Fighting
 20337 | Lair:4   | Reached skill level 10 in Invocations
 20625 | Lair:4   | You are sucked into a shaft and drop 2 floors!
 20625 | Lair:6   | Entered Level 6 of the Lair of Beasts
 20634 | Lair:6   | Reached skill level 5 in Dodging
 20753 | Lair:6   | Reached skill level 14 in Spellcasting
 20864 | Lair:6   | Found a staircase to the Slime Pits.
 20865 | Lair:6   | Found a viscous altar of Jiyva.
 21033 | Lair:6   | Found a dark tunnel.
 21042 | Volcano  | Entered a volcano
 21084 | Volcano  | Reached XP level 14. HP: 100/103 MP: 0/0
 21445 | Volcano  | Noticed a stone giant
 21544 | Volcano  | Killed a stone giant
 21660 | Volcano  | Reached skill level 5 in Armour
 21803 | Lair:6   | Reached ****** piety under Makhleb
 22577 | Lair:2   | Killed Urug
 23660 | Lair:4   | Reached skill level 15 in Spellcasting
 23660 | Lair:4   | Reached XP level 15. HP: 111/111 MP: 0/0
 23660 | Lair:4   | Learned a level 6 spell: Freezing Cloud
 23924 | Lair:5   | Found a glowing golden altar of the Shining One.
 25052 | Orc:1    | Entered Level 1 of the Orcish Mines
 25343 | Orc:1    | Upgraded the game from 0.27-a0-899-ge2d0b17c59 to
                  | 0.27-a0-906-g0a00ce863d
 25491 | Orc:2    | Entered Level 2 of the Orcish Mines
 25693 | Orc:2    | Found a staircase to the Elven Halls.
 25728 | Orc:2    | Noticed Azrael
 25734 | Orc:2    | Killed Azrael
 25880 | Orc:2    | Noticed Jorgrun
 25906 | Orc:2    | Killed Jorgrun
 25956 | Orc:2    | Found Sialiv's Antique Armour Boutique.
 25987 | Orc:2    | Bought a runed cloak for 180 gold pieces
 26073 | Orc:2    | Found Utemop's Book Boutique.
 26080 | Orc:2    | Found Ifenepon's Jewellery Shop.
 26128 | Orc:2    | Found Dosch's Distillery.
 26136 | Orc:2    | Bought 2 potions of haste for 240 gold pieces
 26136 | Orc:2    | Bought a potion of brilliance for 48 gold pieces
 26136 | Orc:2    | Bought a potion of heal wounds for 60 gold pieces
 26136 | Orc:2    | Bought a potion of haste for 120 gold pieces
 26136 | Orc:2    | Bought a potion of resistance for 120 gold pieces
 26136 | Orc:2    | Bought a potion of might for 48 gold pieces
 27148 | D:12     | Found Zeyx's Armour Emporium.
 27559 | D:13     | Noticed Nessos
 27561 | D:13     | Killed Nessos
 27713 | D:13     | Reached XP level 16. HP: 118/118 MP: 0/0
 28153 | D:13     | Reached skill level 16 in Spellcasting
 28410 | D:14     | Found Ivvaifesti's Book Boutique.
 28936 | D:14     | Reached skill level 10 in Dodging
 29007 | D:14     | Reached XP level 17. HP: 125/125 MP: 0/0
 29007 | D:14     | Learned a level 7 spell: Ozocubu's Refrigeration
 29090 | D:14     | Found a gate to the Vaults.
 29809 | D:15     | Entered Level 15 of the Dungeon
 30207 | D:15     | Found a staircase to the Depths.
 30316 | D:15     | Found a flickering gateway to a bazaar.
 30325 | Bazaar   | Entered a bazaar
 30346 | Bazaar   | Found Ozxeps's Antique Weapon Emporium.
 30362 | Bazaar   | Found Ydola's General Store.
 30378 | Bazaar   | Found Hiykis's Weapon Shoppe.
 30394 | Bazaar   | Found Xeorylu's Antique Weapon Emporium.
 30462 | Bazaar   | Bought the +7 rapier of Terror {vorpal, rC+ Int+2 Dex+7}
                  | for 1034 gold pieces
 30462 | Bazaar   | Bought a potion of heal wounds for 70 gold pieces
 30462 | Bazaar   | Bought a potion of curing for 42 gold pieces
 30462 | Bazaar   | Bought 2 potions of curing for 84 gold pieces
 30928 | Swamp:1  | Entered Level 1 of the Swamp
 31098 | Swamp:1  | Reached skill level 17 in Spellcasting
 31499 | Swamp:1  | Reached XP level 18. HP: 92/132 MP: 0/0
 33123 | Swamp:4  | Entered Level 4 of the Swamp
 33143 | Swamp:4  | Noticed Nikola
 33217 | Swamp:4  | Killed Nikola
 33661 | Swamp:4  | Noticed a bone dragon
 33693 | Swamp:4  | Killed a bone dragon
 33694 | Swamp:4  | Reached XP level 19. HP: 116/140 MP: 0/0
 33694 | Swamp:4  | Learned a level 6 spell: Invisibility
 33825 | Swamp:4  | Got a decaying rune of Zot
 34073 | Spider:1 | Entered Level 1 of the Spider Nest
 34073 | Spider:1 | Noticed Roxanne
 34087 | Spider:1 | Reached skill level 18 in Spellcasting
 34097 | Spider:1 | Killed Roxanne
 34952 | Spider:2 | Noticed Arachne
 34989 | Spider:2 | Killed Arachne
 36075 | Spider:3 | Noticed Donald
 36092 | Spider:3 | Killed Donald
 36222 | Spider:3 | Noticed Mara
 36235 | Spider:3 | Noticed siradein's illusion
 36235 | Spider:3 | Killed Mara
 37248 | Spider:4 | Entered Level 4 of the Spider Nest
 37295 | Spider:4 | Reached skill level 15 in Invocations
 37308 | Spider:4 | Reached skill level 15 in Fighting
 37312 | Spider:4 | Reached XP level 20. HP: 149/149 MP: 0/0
 37689 | Spider:4 | Reached skill level 19 in Spellcasting
 37835 | Spider:4 | Got a gossamer rune of Zot
 37841 | Spider:4 | Identified the +5 ring mail "Kodwiq" {rElec}
 38320 | Vaults:1 | Entered Level 1 of the Vaults
 38747 | Vaults:1 | Identified the +1 mace of Putrescence {venom, +Inv}
 38764 | Vaults:1 | Found Latoth's Weapon Boutique.
 38814 | Vaults:1 | Reached skill level 5 in Shields
 39684 | Vaults:2 | Reached XP level 21. HP: 83/156 MP: 0/0
 39684 | Vaults:2 | Learned a level 7 spell: Monstrous Menagerie
 41800 | Vaults:3 | Identified 2 scrolls of acquirement
 42246 | Vaults:3 | Found a staircase to the Crypt.
 42246 | Vaults:3 | Found a basalt altar of Yredelemnul.
 42552 | Vaults:4 | Reached skill level 15 in Dodging
 42598 | Vaults:4 | Noticed Bai Suzhen
 42601 | Vaults:4 | Identified the +9 plate armour of Aphiop {-Cast Rampage
                  | rC++}
 42628 | Vaults:4 | Killed Bai Suzhen
 42653 | Vaults:4 | HP: 4/157 [ironbound frostheart/frost[a glowing orange
                  | brain] (36)]
 42849 | Vaults:4 | Acquired a manual of Fighting
 42851 | Vaults:4 | Acquired 682 gold pieces
 43553 | Vaults:4 | Reached XP level 22. HP: 164/164 MP: 0/0
 43933 | Vaults:4 | Found a runed translucent gate.
 43933 | Vaults:4 | Found a runed translucent gate.
 43938 | Vaults:4 | Reached skill level 20 in Spellcasting
 43941 | Vaults:4 | Noticed Charmandara's ghost (veteran DjWz)
 43942 | Vaults:4 | Found a runed translucent gate.
 43995 | Vaults:4 | Killed Charmandara's ghost
 44038 | Vaults:4 | Identified the +1 hat of the Game of Life {rCorr Str+8}
 44270 | Depths:1 | Entered Level 1 of the Depths
 44787 | Elf:1    | Entered Level 1 of the Elven Halls
 44934 | Elf:1    | Gained mutation: Your natural rate of healing is unusually
                  | fast. [a neqoxec]
 45135 | Elf:1    | Identified the +7 kite shield of Restlessness {Int+6}
 45649 | Elf:1    | Identified the +1 chain mail "Abily" {rN+ Int+4}
 46304 | Elf:2    | Found a runed translucent gate.
 46304 | Elf:2    | Found a runed translucent gate.
 46319 | Elf:2    | Found a runed translucent gate.
 46384 | Elf:2    | Reached XP level 23. HP: 142/173 MP: 0/0
 46384 | Elf:2    | Learned a level 8 spell: Summon Horrible Things
 46685 | Elf:2    | Identified the Grimoire of Plaster Cramp
 46787 | Elf:2    | Reached skill level 10 in Armour
 46876 | Elf:2    | Noticed Saint Roka
 46896 | Elf:2    | Killed Saint Roka
 46917 | Elf:2    | Upgraded the game from 0.27-a0-906-g0a00ce863d to
                  | 0.27-a0-909-g0721f309d1
 47179 | Elf:3    | Entered Level 3 of the Elven Halls
 47457 | Elf:3    | Identified the amulet of the Townfolk {Faith rElec}
 47530 | Elf:3    | Identified the +0 pair of boots of Gurop {-Cast Harm
                  | Rampage rElec}
 47633 | Elf:3    | Found the +18 shield of the Gong {rElec rN+ Will+ EV-5}
 47643 | Elf:3    | Identified the +0 chain mail of the Kettle-Drum {Str+3
                  | Stlth+}
 47809 | Elf:3    | Identified the +3 scale mail of the Curses {*Corrode rElec
                  | rC+ Dex+7}
 48391 | Depths:1 | Reached skill level 10 in Shields
 48441 | Depths:1 | Reached skill level 21 in Spellcasting
 48492 | Depths:1 | Reached XP level 24. HP: 182/182 MP: 0/0
 48541 | Depths:1 | Found a gateway to Hell.
 49972 | Depths:2 | Noticed a caustic shrike
 49978 | Depths:2 | Killed a caustic shrike
 50076 | Depths:2 | Noticed Sojobo
 50085 | Depths:2 | Killed Sojobo
 50140 | Depths:2 | Noticed a caustic shrike
 50148 | Depths:2 | Killed a caustic shrike
 50220 | Depths:2 | Noticed a caustic shrike
 50227 | Depths:2 | Killed a caustic shrike
 50983 | Depths:2 | Found a one-way gate to the infinite horrors of the Abyss.
 51011 | Depths:2 | Found Qoqaam's Book Shoppe.
 51011 | Depths:2 | Found Xomigog's Jewellery Boutique.
 51012 | Depths:2 | Found Juipha's Jewellery Boutique.
 51033 | Depths:2 | Bought the ring "Uklim" {Int+6 SInv Stlth+} for 1160 gold
                  | pieces
 51223 | Depths:3 | Reached XP level 25. HP: 191/191 MP: 0/0
 51223 | Depths:3 | Learned a level 8 spell: Discord
 51267 | Depths:3 | Noticed an ancient lich
 51294 | Depths:3 | Killed an ancient lich
 51701 | Slime:1  | Entered Level 1 of the Pits of Slime
 51889 | Slime:1  | Gained mutation: Your body sometimes deteriorates upon
                  | taking damage. [a shining eye]
 52370 | Slime:3  | Gained mutation: You are dopey. (Int -2) [a shining eye]
 52581 | Slime:2  | Lost mutation: You are dopey. (Int -2) [potion of mutation]
 52581 | Slime:2  | Lost mutation: Your body sometimes deteriorates upon taking
                  | damage. [potion of mutation]
 52581 | Slime:2  | Gained mutation: Your flesh is almost immune to the effects
                  | of heat. (rF+++) [potion of mutation]
 52581 | Slime:2  | Gained mutation: Your mind is acute. (Int +2) [potion of
                  | mutation]
 52581 | Slime:2  | Gained mutation: You are partially covered in iridescent
                  | scales. (AC +2) [potion of mutation]
 52809 | Slime:5  | Entered Level 5 of the Pits of Slime
 52847 | Slime:5  | Noticed the Royal Jelly
 52853 | Slime:5  | Gained mutation: You are frail. (-10% HP) [a shining eye]
 52854 | Slime:5  | HP: 8/173 [acid (6)]
 52876 | Slime:5  | Reached skill level 22 in Spellcasting
 52878 | Slime:5  | HP: 1/173 [rockslime[the Royal Jelly] (28)]
 52892 | Slime:5  | HP: 7/173 [quicksilver ooze[the Royal Jelly] (3)]
 52894 | Slime:5  | HP: 2/173 [acid blob/splash of acid[the Royal Jelly] (4)]
 52894 | Slime:5  | Splashed by an acid blob's acid

Illustrated notes

Levels and vault maps discovered:
D:1:      sevenhm_arrival_forest_fort_small_2, layout_loops_corners,
          hangedman_decor_growths
D:2:      layout_loops_cross
D:3:      layout_basic
D:4:      layout_rooms, marbit_many_paths, lightli_temple_of_fire,
          minmay_temple_entry_nine_rooms, chequers_serial_rivers_small_3,
          due_unseen_surprise, uniq_blork_the_orc, uniq_eustachio, uniq_ijyb,
          uniq_robin
D:5:      layout_rooms, beargit_hepliaklqana_dungeon_heroes,
          corexii_hall_statues_x, uniq_edmund
D:6:      layout_gridville, old_standard_altar
D:7:      layout_cave_pools, jmf_multi_god_temple2, serial_gnoll_camp,
          gnoll_camp_mini_hut, gnoll_camp_huts_basic, gnoll_camp_mini_shop,
          grums_kennel, gnoll_camp_mini_loothouse, minmay_chambers_of_fives
D:8:      layout_loops_corners, lemuel_tele_altar,
          chequers_serial_rivers_micro_b, serial_bayou_lagoon_a,
          hangedman_misty_isle, uniq_erica
D:9:      layout_roguey, grunt_temple_overflow_open, david_orc_2, minmay_radiant
D:10:     layout_cave_pods
D:11:     layout_irregular_city, minmay_lair_entry_grove, enter_bailey_8
D:12:     layout_basic, serial_shops, shop, minmay_misc_feat_columns
D:13:     layout_basic, minmay_increasing_density, uniq_nessos
D:14:     layout_basic, grunt_vaults_entry_tiered,
          hangedman_abyss_or_decor_jellyfish_corner, serial_shops,
          nicolae_shop_statue_plus, gauntlet_entry_generic, pf_eden
D:15:     gammafunk_enter_depths_forms, layout_irregular_city,
          minmay_misc_feat_tiny, serial_shops, bzr_entry_water,
          minmay_fractal_squares_diagonal_5
Lair:1:   layout_layer_cave, grunt_megastairs_3
Lair:2:   layout_cave_pods, chequers_serial_rivers_micro_d, grunt_megastairs_2,
          infiniplex_staircase_pool_2, lemuel_fruit_tree, uniq_urug, uniq_sonja
Lair:3:   layout_regular_city, serial_bayou, serial_bayou_pond_c,
          serial_bayou_shore_a, serial_bayou_pond_c, serial_bayou_pond_b,
          chequers_serial_rivers_micro_d, grunt_megastairs_5,
          minmay_lair_oklob_chamber
Lair:4:   layout_cave_pods, swamp_mist, dummy_spider_entry
Lair:5:   layout_regular_city, basic_altar, lemuel_fruit_fields
Lair:6:   evilmike_catoblepas_cave, layout_cave_pods, slime_altar_1,
          nicolae_volcano_entry_two_sided, infiniplex_staircase_pool
Swamp:1:  layout_basic_swamp, nicolae_swamp_orc_logging_accident, swamp_pool2,
          nicolae_swamp_nymph_family_reunion
Swamp:2:  layout_falls_marsh, evilmike_swamp_ruin_rubble_2,
          hangedman_swamp_phenomena
Swamp:3:  layout_basic_swamp, evilmike_swamp_ruin_house_2, swamp_pool4
Swamp:4:  swamp_pestilence, layout_basic_swamp, uniq_nikola
Spider:1: layout_spider_delve, uniq_roxanne
Spider:2: layout_chambers, nicolae_spider_cling_halls, uniq_arachne
Spider:3: layout_chambers, nicolae_spider_some_kinda_spiderbox, uniq_mara,
          uniq_donald
Spider:4: grunt_spider_rune_parallel
Slime:1:  layout_caves
Slime:2:  layout_caves
Slime:3:  layout_caves, nicolae_slime_welcoming_committee
Slime:4:  layout_caves, nicolae_slime_round_cave
Slime:5
Orc:1:    layout_caves, minmay_orc_barracks
Orc:2:    kennysheep_orc_mage_school, layout_caves, kennysheep_orc_sif_temple,
          uniq_jorgrun, uniq_snorg, uniq_azrael
Elf:1:    minmay_the_grid_octo_tiled_octocenter [minmay_the_grid_octo_clover,
          minmay_the_grid_octo_pinwheel, minmay_the_grid_octo_checkerflower,
          minmay_the_grid_octo_thin_diamonds, minmay_the_grid_octo_prize_star,
          minmay_the_grid_square_5x5_three,
          minmay_the_grid_square_5x5_hollow_slash,
          minmay_the_grid_square_5x5_comb,
          minmay_the_grid_square_5x5_three_walls], layout_gridlike,
          glass_columns_a, due_unseen_surprise
Elf:2:    layout_loops_corners, bh_hangedman_babel_library, uniq_saint_roka
Elf:3:    grunt_elf_hall_diamonds, layout_geoelf_octagon
Vaults:1: vaults_room_fours, v_misc_26, hangedman_vaults_restitches,
          vaults_mumra_chevron_long, vaults_room_door_hall,
          vaults_dpeg_diagonal, vaults_room_large_hall, st_diamondy,
          nicolae_vaults_shelves_hall, hangedman_vaults_river_flow,
          layout_vaults_big_room, serial_shops, shop
Vaults:2: vaults_room_large_hall, nicolae_vaults_network_quinsquares
          [nicolae_vaults_network_quincunx_subvault,
          nicolae_vaults_network_quincunx_subvault,
          nicolae_vaults_network_quincunx_subvault,
          nicolae_vaults_network_quincunx_subvault], v_misc_14,
          vaults_room_grid, nicolae_vaults_little_ls, nicolae_vaults_theta,
          nicolae_vaults_little_squares_2, layout_vaults_omnigrid
Vaults:3: nicolae_vaults_diagonal_hallway_8, minmay_crypt_entry_necro_gods,
          hangedman_vaults_variations, ontoclasm_vaults_tryst,
          nicolae_vaults_lopsided_apartments, v_misc_1, grunt_vaults_twisty,
          ontoclasm_vaults_gateway, v_misc_4, ontoclasm_vaults_pinch,
          nicolae_vaults_mini_display_case, layout_vaults_omnicross
Vaults:4: biasface_vaults_ghost_orc_armoury, vaults_mumra_lcd,
          hangedman_vaults_slither, vaults_mumra_minichess,
          grunt_vaults_diagonal, v_alt_pattern_3, ontoclasm_vaults_misaligned,
          v_pattern_2, nicolae_vaults_sealed_display, ontoclasm_vaults_twist,
          vaults_room_door_ring, vaults_room_pool, v_misc_18, vaults_room_pools,
          vaults_room_corners, layout_vaults_ring, uniq_bai_suzhen
Depths:1: layout_roguey, lemuel_coloured_pillars_altar, pf_coc_iceberg,
          minivault_16, kennysheep_windowed_goal,
          infiniplex_staircase_pool_lava, firewood_loft
Depths:2: minmay_four_inscribed_fans, layout_long_grid, minmay_room_of_horrors,
          hell_entry, minmay_shop_grove, serial_bayou_shore_b, uniq_sojobo
Depths:3: hangedman_cross_cluster, layout_gridville, lightli_too_deep,
          rand_demon_pan_entry_5, infiniplex_staircase_zigzag_2

Skill      XL: |  1  2  3  4  5  6  7  8  9 10 11 12 13 14 15 16 17 18 19 20 21 22 23 24 25 |
---------------+----------------------------------------------------------------------------+-----
Spellcasting   | 3 4 5 6 7 9 10 11 12 13 14 15 16 17 18 19 20 21 22 | 22.0
Fighting       | 3 4 6 8 9 10 11 12 13 14 15 16 17 18 19 | 19.9
Invocations    | 3 4 6 8 9 10 11 12 13 14 15 16 17 18 | 18.2
Armour         | 2 4 6 7 8 9 10 11 12 | 12.7
Dodging        | 3 5 7 9 10 11 12 13 14 15 16 17 | 17.8
Shields        | 2 4 5 7 8 10 11 12 | 12.0
Stealth        | |  1.5

Action                   |  1- 3 |  4- 6 |  7- 9 | 10-12 | 13-15 | 16-18 | 19-21 | 22-24 | 25-27 || total
-------------------------+-------+-------+-------+-------+-------+-------+-------+-------+-------++-------
Melee: Rapier            |       |       |     2 |       |       |       |     2 |     2 |       ||     6
       Unarmed           |       |       |       |       |    23 |       |    37 |       |       ||    60
       Trident           |       |       |       |       |     2 |       |       |       |       ||     2
       Staff             |       |       |       |       |       |       |       |     2 |     4 ||     6
 Cast: Shock             |    85 |   105 |    84 |       |       |       |       |       |       ||   274
       Static Discharge  |       |     2 |       |       |       |       |       |       |       ||     2
       Airstrike         |       |     3 |   118 |   338 |   413 |   199 |    57 |   183 |     2 ||  1313
       Swiftness         |       |       |     1 |     3 |       |       |     3 |     1 |       ||     8
       Lightning Bolt    |       |       |       |    60 |   192 |   428 |   448 |   612 |   229 ||  1969
       Fulminant Prism   |       |       |       |     2 |       |     7 |    54 |    40 |     3 ||   106
       Hydra Form        |       |       |       |       |     2 |       |     2 |       |       ||     4
       Olgreb's Toxic Ra |       |       |       |       |    12 |       |   297 |    34 |       ||   343
       Freezing Cloud    |       |       |       |       |    24 |    11 |    28 |    32 |     4 ||    99
       Freeze            |       |       |       |       |     2 |     7 |     4 |     2 |       ||    15
       Ensorcelled Hiber |       |       |       |       |       |     2 |    10 |     3 |       ||    15
       Invisibility      |       |       |       |       |       |       |     5 |       |       ||     5
       Ozocubu's Refrige |       |       |       |       |       |       |     2 |       |       ||     2
       Monstrous Menager |       |       |       |       |       |       |     7 |     6 |       ||    13
       Discord           |       |       |       |       |       |       |       |       |     3 ||     3
Invok: Minor Destruction |       |       |       |       |     2 |       |       |       |       ||     2
       Major Destruction |       |       |       |       |       |       |       |    13 |       ||    13
 Abil: End Transformatio |       |       |       |       |     1 |       |     1 |       |       ||     2
  Use: Scroll            |     3 |     1 |     5 |     9 |     9 |     5 |    11 |       |     5 ||    48
       Potion            |       |       |       |       |       |     1 |     1 |       |     5 ||     7
Armor: Robe              |     3 |     9 |       |       |       |       |       |       |       ||    12
       Ring mail         |       |     2 |     9 |    13 |       |       |       |       |       ||    24
       Troll leather arm |       |       |       |    61 |    50 |    54 |   124 |    81 |    65 ||   435
       Skin              |       |       |       |       |     3 |       |    19 |       |       ||    22
Dodge: Dodged            |     5 |    30 |    23 |    71 |    89 |   106 |   350 |   222 |   143 ||  1039
Block: Buckler           |       |       |       |    21 |    51 |    67 |   162 |    48 |       ||   349
       Reflection        |       |       |       |       |     4 |     3 |    19 |    18 |       ||    44
       Kite shield       |       |       |       |       |       |       |       |   185 |   192 ||   377

Table legend: (Time is in decaauts)
 A = Elapsed time spent in this place.
 B = Non-inter-level travel time spent in this place.
 C = Inter-level travel time spent in this place.
 D = Time resting spent in this place.
 E = Time spent auto-exploring this place.
 F = Levels seen in this place.
 G = Mean time per level.
                   A        B        C        D        E       F      G
               +--------+--------+--------+--------+--------+-----+--------+
         Total |  52990 |  49047 |   3943 |   2351 |  36392 |  49 | 1081.4 |
       Dungeon |  22186 |  20727 |   1459 |   1759 |  15343 |  15 | 1479.1 |
          Lair |   7335 |   6411 |    924 |    198 |   5131 |   6 | 1222.5 |
         Swamp |   3171 |   2944 |    227 |      4 |   2189 |   4 |  792.8 |
   Spider Nest |   4328 |   3882 |    446 |     99 |   2987 |   4 | 1082.0 |
    Slime Pits |   1195 |   1159 |     36 |      3 |    798 |   5 |  239.0 |
  Orcish Mines |   1754 |   1530 |    224 |     19 |   1196 |   2 |  877.0 |
   Elven Halls |   3383 |   3244 |    139 |      0 |   2165 |   3 | 1127.7 |
        Vaults |   5922 |   5650 |    272 |    143 |   4314 |   4 | 1480.5 |
        Depths |   2353 |   2141 |    212 |     31 |   1515 |   3 |  784.3 |
        Bazaar |    178 |    178 |      0 |      0 |     88 |   1 |  178.0 |
        Bailey |    517 |    517 |      0 |     29 |    202 |   1 |  517.0 |
       Volcano |    664 |    664 |      0 |     66 |    464 |   1 |  664.0 |
               +--------+--------+--------+--------+--------+-----+--------+

Top non-repeatable levels by time:
     D:8: 2305 daAuts
     D:7: 2243 daAuts
     D:9: 1865 daAuts
     D:3: 1760 daAuts
    D:14: 1736 daAuts
     D:4: 1697 daAuts
     D:1: 1672 daAuts
Vaults:4: 1583 daAuts
  Lair:1: 1544 daAuts
Vaults:3: 1519 daAuts
Vaults:2: 1440 daAuts
  Lair:6: 1397 daAuts
  Lair:2: 1394 daAuts
Spider:2: 1393 daAuts
Spider:3: 1384 daAuts
